 Dungeon Crawl Stone Soup version 0.31-a0-18-gea43df2a32 (webtiles) character file.

Game seed: 10536696747608869724

44 Gargoyl the Trooper (level 3, -3/24 HPs)
             Began as a Gargoyle Berserker on May 11, 2023.
             Was a Follower of Trog.
             Slain by Terence
             ... wielding a +2 heavy flail
              (6 damage)
             ... on level 2 of the Dungeon.
             The game lasted 00:01:09 (822 turns).

Gargoyl the Trooper (Gargoyle Berserker)             Turns: 822, Time: 00:01:09

Health: -3/24      AC:  5    Str: 20    XL:     3   Next: 62%
Magic:  3/3        EV: 12    Int:  7    God:    Trog [*.....]
Gold:   61         SH:  0    Dex: 11    Spells: 2/2 levels left

rFire   . . .        a - +0 hand axe
rCold   . . .        (no shield)
rNeg    + . .        b - +0 animal skin
rPois   ∞            (no helmet)
rElec   +            (no cloak)
rCorr   .            (no gloves)
SInv    .            (no boots)
Will    .....        (no amulet)
Stlth   +            (no ring)
HPRegen 0.24/turn    (no ring)
MPRegen 0.08/turn

%: no passive effects
@: no status effects
A: sickness immunity, AC +3, negative energy resistance 1, electricity
resistance, torment resistance 1, petrification resistance
a: Renounce Religion, Berserk


You were on level 2 of the Dungeon.
You worshipped Trog.
Trog was aware of your devotion.
You visited 1 branch of the dungeon, and saw 2 of its levels.

You collected 61 gold pieces.

Inventory:

Hand Weapons
 a - a +0 hand axe (weapon)
Armour
 b - a +0 animal skin (worn)
Potions
 c - 2 potions of might {unknown}
 d - a potion of flight {unknown}
 f - a potion of haste {unknown}
 g - a potion of lignification {unknown}


   Skills:
 + Level 4.0 Fighting
 + Level 3.2 Axes
 + Level 2.3 Armour
 + Level 1.9 Dodging


You had 2 spell levels left.
You didn't know any spells.
Your spell library was empty.

Dungeon Overview and Level Annotations

Branches:
Dungeon (2/15)

Altars:

Annotations:
D:2 Terence


Innate Abilities, Weirdness & Mutations

You are immune to sickness and miasma.
Your stone body is resilient. (AC +3)
You are immune to poison.
You resist negative energy. (rN+)
You are resistant to electric shocks. (rElec)
You are resistant to unholy torment.
You are immune to petrification.


Message History

Your butterfly disappears in a burst of colours!
A worm comes into view.
A worm is nearby!
You barely miss the worm.
You feel your willpower return.
You hit the worm.
The worm is moderately wounded.
The worm barely misses you.
You hit the worm.
The worm is heavily wounded.
The worm bites you!
You slash the worm!
The worm is severely wounded.
You hit the worm.
You kill the worm!
Trog accepts your kill.
Your Fighting skill increases to level 4!
HP restored.
You open the door.
Terence the Incautious comes into view.
He is wielding a +2 heavy flail.
Terence is nearby!
Terence is nearby!
An adder comes into view.
Terence shouts!
The adder hisses angrily.
There is an open door here.
Terence closely misses you.
You fail to use your ability.
You barely miss Terence. Terence hits you with a +2 heavy flail!
You hit Terence.
Terence is lightly wounded.
You hit the adder. The adder closely misses you.
Terence hits you with a +2 heavy flail!
* * * LOW HITPOINT WARNING * * *
The adder closely misses you.
You closely miss Terence.
Terence is lightly wounded.
You barely miss the adder. The adder bites you.
* * * LOW HITPOINT WARNING * * *
Terence hits you with a +2 heavy flail.
You die...

#....#.# ####.# #
#†...#.##.####
###.##.......#
#...##.##.##.# #+##
##.###.##.##.# #...##
#...##.##.##.# #.....#
..#.##.....#.# ##S......
###.##..#....###@@......
...............'........
###.##.......###........
#.###.##.### ##.......
#.# #..### #.....# ..#
##.# #...## ### .# #+##
.# .#


You could see Terence and an adder.

Vanquished Creatures
  A gnoll (D:1)
  A worm (D:2)
  3 dart slugs (D:1)
  3 ball pythons (D:1)
  A bat (D:1)
  2 endoplasms (D:1)
  4 giant cockroaches (D:2)
  2 goblins (D:1)
  2 hobgoblins (D:1)
  A quokka (D:1)
  A frilled lizard (D:1)
  2 kobolds (D:1)
  2 rats (D:1)
25 creatures vanquished.

Vanquished Creatures (others)
  A ball python (D:1)
1 creature vanquished.

Grand Total: 26 creatures vanquished

Notes
Turn   | Place    | Note
-------+----------+-------------------------------------------
     0 | D:1      | Gargoyl the Gargoyle Berserker began the quest for the Orb.
     0 | D:1      | Reached XP level 1. HP: 14/14 MP: 1/1
   107 | D:1      | Reached XP level 2. HP: 11/19 MP: 2/2
   434 | D:1      | Reached XP level 3. HP: 13/24 MP: 3/3
   506 | D:1      | Found a faded altar of an unknown god.
   786 | D:2      | Reached skill level 4 in Fighting
   816 | D:2      | Noticed Terence
   822 | D:2      | Slain by Terence

Illustrated notes

Levels and vault maps discovered:
D:1:      minmay_arrival_cross, layout_rooms, shapermc_ecumenical_altar_pompeii
D:2:      layout_loops_corners, minmay_worlds_worst_comb, uniq_terence,
          uniq_sigmund, uniq_natasha

Skill      XL: |  1  2  3 |
---------------+----------+-----
Axes           | 3 |  3.2
Fighting       | 4 |  4.0
Armour         | |  2.3
Dodging        | |  1.9

Action                     || total
---------------------------++-------
  Melee: Hand axe          ||    91
 Invoke: Berserk           ||     2
    Use: Scroll            ||     2
   Stab: Sleeping          ||     1
 Armour: Animal skin       ||    30
  Dodge: Dodged            ||    61

Table legend: (Time is in decaauts)
 A = Elapsed time spent in this place.
 B = Non-inter-level travel time spent in this place.
 C = Inter-level travel time spent in this place.
 D = Time resting spent in this place.
 E = Time spent auto-exploring this place.
 F = Levels seen in this place.
 G = Mean time per level.
                   A        B        C        D        E       F      G
               +--------+--------+--------+--------+--------+-----+--------+
         Total |    851 |    814 |     37 |      0 |    573 |   2 |  425.5 |
       Dungeon |    851 |    814 |     37 |      0 |    573 |   2 |  425.5 |
               +--------+--------+--------+--------+--------+-----+--------+

Top non-repeatable levels by time:
     D:1: 741 daAuts
     D:2: 109 daAuts
